 Dungeon Crawl Stone Soup version 0.20.1-1-g8b1a95d (webtiles) character file.

1116 TheGuigne the Reanimator (level 8, 56/56 HPs)
             Began as a Demonspawn Necromancer on Aug 19, 2017.
             Quit the game in the Ecumenical Temple.
             The game lasted 00:30:34 (6593 turns).

TheGuigne the Reanimator (Demonspawn Necromancer)   Turns: 6593, Time: 00:30:35

Health: 56/56      AC:  6    Str: 14    XL:     8   Next: 12%
Magic:  24/24      EV: 12    Int: 18    God:
Gold:   175        SH:  0    Dex: 14    Spells: 7/16 levels left

rFire    . . .     SeeInvis .   A - +1 whip (elec)
rCold    + . .     Gourm    +   (no shield)
rNeg     . . .     Faith    .   B - +1 robe of Freedom {Str+5}
rPois    .         Spirit   .   (no helmet)
rElec    .         Reflect  .   (no cloak)
rCorr    .         Harm     .   (no gloves)
MR       .....                  (no boots)
Stlth    +.........             s - amulet of the gourmand
Regen    0.2/turn               o - +3 ring of protection
MPRegen  0.2/turn               w - ring of magical power

@: very slow
A: talons 2, cold resistance 1, powered by pain 2
a: no special abilities


You were in the Ecumenical Temple.
You were not hungry.

You visited 2 branches of the dungeon, and saw 6 of its levels.

You collected 175 gold pieces.

Inventory:

Hand Weapons
 A - a +1 whip of electrocution (weapon)
Armour
 B - the +1 robe of Freedom (worn) {Str+5}
   (You found it on level 5 of the Dungeon)

   It affects your strength (+5).
Jewellery
 i - an uncursed ring of protection from fire {unknown}
 o - a +3 ring of protection (left hand)
 q - an uncursed ring of fire
 s - an amulet of the gourmand (around neck)
 w - a ring of magical power (right hand)
 x - a +2 ring of protection
Scrolls
 d - a scroll of random uselessness {unknown}
 j - a scroll of silence {unknown}
 k - 3 scrolls of teleportation
 l - a scroll of remove curse
 n - 4 scrolls of enchant armour
 r - a scroll of recharging {unknown}
 t - a scroll of magic mapping {unknown}
 y - a scroll of blinking {unknown}
Potions
 e - a potion of mutation {unknown}
 f - 2 potions of flight
 h - 3 potions of brilliance
 m - a potion of haste {unknown}
 p - 2 potions of lignification
 u - 5 potions of might
Books
 b - a book of Necromancy

   Spells                             Type                      Level
   a - Pain                           Necromancy                   1
   b - Animate Skeleton               Necromancy                   1
   c - Vampiric Draining              Necromancy                   3
   d - Regeneration                   Charms/Necromancy            3
   e - Animate Dead                   Necromancy                   4
   f - Control Undead                 Necromancy                   4
 v - a book of Misfortune

   Spells                             Type                      Level
   a - Confusing Touch                Hexes                        1
   b - Confuse                        Hexes                        3
   c - Gell's Gravitas                Translocation                3
   d - Petrify                        Transmutation/Earth          4
   e - Metabolic Englaciation         Hexes/Ice                    5
   f - Yara's Violent Unravelling     Hexes/Transmutation          5
Comestibles
 c - 5 bread rations
 g - 3 meat rations
 z - a fruit


   Skills:
 * Level 2.0 Fighting
 - Level 1.7 Dodging
 - Level 1.7 Stealth
 + Level 4.9 Spellcasting
 * Level 1.5 Charms
 - Level 9.4 Necromancy


You had 7 spell levels left.
You knew the following spells:

 Your Spells              Type           Power        Failure   Level  Hunger
a - Pain                  Necr           ####         1%          1    None
b - Animate Skeleton      Necr           N/A          1%          1    None
c - Animate Dead          Necr           N/A          2%          4    ####...
d - Regeneration          Chrm/Necr      ###.......   4%          3    ###....


Dungeon Overview and Level Annotations

Branches:
Dungeon (5/15)             Temple (1/1) D:5

Altars:
Ashenzari
Cheibriados
Elyvilon
Fedhas
Gozag
Hepliaklqana
Makhleb
Nemelex Xobeh
Okawaru
Qazlal
Ru
Sif Muna
Vehumet
Xom
Zin

Annotations:
D:3 TepidLee's ghost, amateur MiFi


Innate Abilities, Weirdness & Mutations

You have razor-sharp toenails.
Your flesh is cold resistant. (rC+)
You sometimes gain power by taking damage.


Message History

Moving in this stuff is going to be slow.
You enter the shallow water.
Moving in this stuff is going to be slow.
There is a snail-covered altar of Cheibriados here.
You enter the shallow water.
Moving in this stuff is going to be slow.
There is a hazy altar of Hepliaklqana here.
You enter the shallow water.
Moving in this stuff is going to be slow.
Partly explored, can't reach some places.
There is an iron altar of Okawaru here.
You enter the shallow water.
Moving in this stuff is going to be slow.
You enter the shallow water.
Moving in this stuff is going to be slow.
You enter the shallow water.
Moving in this stuff is going to be slow.
You enter the shallow water.
Moving in this stuff is going to be slow.
Are you sure you want to abandon this character and quit the game? (Confirm with "yes".)

≈≈≈≈≈≈≈≈≈≈≈≈≈≈≈≈≈≈≈≈≈≈
≈≈≈≈≈≈≈≈≈≈≈≈≈≈≈≈≈≈≈≈≈≈
≈≈≈≈≈≈≈≈≈≈≈≈≈≈≈≈≈≈≈≈≈≈≈≈≈
≈≈≈≈≈≈≈≈≈≈≈≈≈≈≈≈≈≈≈≈≈≈≈≈≈≈
≈≈≈≈≈≈≈≈≈≈≈###≈≈≈≈≈≈≈≈≈≈≈≈
≈≈≈≈≈≈≈≈≈≈≈#...#≈≈≈≈≈≈≈≈≈≈≈
≈≈≈≈≈≈≈≈≈≈≈..<.≈≈≈≈≈≈≈≈≈≈≈≈
≈≈≈≈≈≈≈≈≈≈≈#8.8#≈≈≈≈≈≈≈≈≈≈≈
≈≈≈≈≈≈≈≈≈≈.#.@≈.##≈≈≈≈≈≈≈≈≈
≈≈≈≈≈≈≈≈≈≈......8≈≈≈≈≈≈≈≈≈≈
≈≈≈≈≈≈≈≈≈≈.≈.≈≈≈.#≈≈≈≈≈≈≈≈≈
≈≈≈≈≈≈≈≈≈≈_....._≈≈≈≈≈≈≈≈≈≈
≈≈≈≈≈≈≈≈≈≈≈≈≈.≈≈.#≈≈≈≈≈≈≈≈≈
≈≈≈≈≈≈≈≈≈≈8.≈≈..8.≈≈≈≈≈≈≈≈≈
≈≈≈≈≈≈≈≈≈≈......≈≈≈≈≈≈≈≈≈≈≈
≈≈≈≈≈≈≈≈≈#_..≈.._#≈≈≈≈≈≈≈≈≈
≈≈≈≈≈≈≈≈≈≈.≈≈..≈.≈≈≈≈≈≈≈≈≈≈


There were no monsters in sight!

Vanquished Creatures
  Pikel (D:5)
  An ice beast (D:5)
  An ogre (D:5)
  2 scorpions
  2 hounds
  2 orc wizards
  An iguana (D:4)
  3 worker ants (D:4)
  A hound zombie (D:5)
  7 adders
  3 gnolls (D:2)
  An ooze (D:2)
  An adder skeleton (D:5)
  6 worms
  2 dart slugs
  A leopard gecko (D:2)
  6 orcs
  3 ball pythons
  12 bats
  A giant cockroach (D:1)
  12 goblins
  5 hobgoblins
  3 jackals (D:4)
  5 kobolds
  3 quokkas
  5 frilled lizards
  13 rats
103 creatures vanquished.

Vanquished Creatures (collateral kills)
  An adder (D:3)
  A bat (D:2)
  A frilled lizard (D:2)
3 creatures vanquished.

Vanquished Creatures (others)
  A slave (D:5)
  A water moccasin (D:5)
  A jelly (D:5)
  An orc (D:5)
4 creatures vanquished.

Grand Total: 110 creatures vanquished

Notes
Turn   | Place    | Note
-------+----------+-------------------------------------------
     0 | D:1      | TheGuigne the Demonspawn Necromancer began the quest for the Orb.
     0 | D:1      | Reached XP level 1. HP: 13/13 MP: 3/3
   313 | D:1      | Gained mutation: You have sharp toenails. [demonic ancestry]
   313 | D:1      | Reached XP level 2. HP: 12/19 MP: 0/5
   529 | D:1      | Learned a level 1 spell: Animate Skeleton
  1177 | D:1      | Gained mutation: You have razor-sharp toenails. [demonic ancestry]
  1177 | D:1      | Reached XP level 3. HP: 23/24 MP: 4/7
  2248 | D:2      | Reached XP level 4. HP: 22/30 MP: 3/10
  2443 | D:2      | Found a deep blue altar of Sif Muna.
  2465 | D:2      | Found a glowing silver altar of Zin.
  2519 | D:2      | Learned a level 4 spell: Animate Dead
  3204 | D:3      | Found a white marble altar of Elyvilon.
  3240 | D:3      | Noticed TepidLee's ghost (amateur MiFi)
  3438 | D:3      | Reached skill level 5 in Necromancy
  3438 | D:3      | Gained mutation: You sometimes gain a little power by taking damage. [demonic ancestry]
  3438 | D:3      | Reached XP level 5. HP: 31/35 MP: 4/11
  4518 | D:4      | Learned a level 3 spell: Regeneration
  4828 | D:4      | Reached skill level 6 in Necromancy
  4961 | D:4      | Gained mutation: You sometimes gain power by taking damage. [demonic ancestry]
  4961 | D:4      | Reached XP level 6. HP: 35/42 MP: 12/12
  5142 | D:4      | Reached skill level 7 in Necromancy
  5758 | D:5      | Entered Level 5 of the Dungeon
  5785 | D:5      | Noticed a slave
  5787 | D:5      | Noticed a slave
  5789 | D:5      | Noticed Pikel
  5792 | D:5      | Noticed a slave
  5792 | D:5      | Noticed a slave
  5818 | D:5      | Killed Pikel
  5818 | D:5      | Reached skill level 9 in Necromancy
  5818 | D:5      | Reached XP level 7. HP: 9/47 MP: 12/13
  6139 | D:5      | Killed a freed slave
  6148 | D:5      | Got a fine robe
  6159 | D:5      | Identified the +1 robe of Freedom {Str+5} (You found it on level 5 of the Dungeon)
  6172 | D:5      | Reached skill level 1 in Fighting
  6172 | D:5      | Reached skill level 1 in Charms
  6218 | D:5      | Gained mutation: Your flesh is cold resistant. (rC+) [demonic ancestry]
  6218 | D:5      | Reached XP level 8. HP: 31/55 MP: 15/15
  6417 | D:5      | Found a staircase to the Ecumenical Temple.
  6426 | Temple   | Entered the Ecumenical Temple
  6593 | Temple   | Quit the game

Skill      XL: |  1  2  3  4  5  6  7  8 |
---------------+-------------------------+-----
Spellcasting   | 3 4 |  4.9
Necromancy     | 5 6 9 |  9.4
Fighting       | 1 2 |  2.0
Charms         | 1 |  1.5
Dodging        | |  1.7
Stealth        | |  1.7

Action                   |  1- 3 |  4- 6 |  7- 9 || total
-------------------------+-------+-------+-------++-------
Melee: Short sword       |     6 |    25 |       ||    31
       Kick              |     2 |     5 |       ||     7
       Whip              |       |       |     1 ||     1
 Cast: Pain              |    79 |   158 |    20 ||   257
       Animate Skeleton  |     5 |     1 |       ||     6
       Animate Dead      |       |    12 |     4 ||    16
       Regeneration      |       |     4 |     1 ||     5
  Use: Scroll            |       |     8 |       ||     8
       Potion            |       |     1 |       ||     1
 Stab: Sleeping          |       |     1 |       ||     1
  Eat: Chunk             |     4 |    17 |       ||    21
       Royal jelly       |       |     2 |       ||     2
Armor: Robe              |     3 |    21 |     2 ||    26
Dodge: Dodged            |    24 |    44 |     3 ||    71
